Map: Abyssal Reef LE

Players

LiquidTLO (TLO)

  • Race: Zerg Zerg
  • League: Grandmaster
  • Spawn Location: 5:00

Bly - Winner!

  • Race: Zerg Zerg
  • League: Grandmaster
  • Spawn Location: 11:00

Event: HomeStory Cup XVI

VOD

Have the link to the VOD?

Description

Time

  • Played on: Nov. 10, 2017, 10:33 a.m.
  • Length: 8:45

All games in this series

Show
View Real Time Build Order
Export as new Build Order

LiquidTLO Zerg 

Build Orders: Hatch First 

Get SALT Encoding   

  12  0:01  Drone  
  13  0:12  Overlord  
  13  0:17  Drone  
  14  0:31  Drone  
  14  0:32  Drone  
  16  0:36  Drone  
  17  0:53  Hatchery  
  16  1:06  Spawning Pool  
  16  1:09  Drone  
  16  1:12  Drone  
  16  1:16  Drone  
  18  1:20  Drone  
  19  1:31  Drone  
  20  1:41  Overlord  
  20  1:52  Queen  
  22  2:00  Zergling x2  
  23  2:04  Queen, Zergling x2  
  23  2:05  Zergling x2  
  27  2:14  Zergling x2  
  27  2:17  Zergling x2  
  28  2:25  Zergling x2  
  28  2:28  Drone  
  30  2:36  Drone  
  31  2:37  Drone  
  32  2:49  Queen  
  34  2:55  Drone  
  34  2:57  Drone  
  34  2:58  Drone  
  35  2:59  Drone  
  35  3:01  Drone  
  35  3:02  Drone  
  35  3:03  Drone  
  35  3:15  Overlord  
  35  3:21  Spine Crawler, Queen, Extractor  
  35  3:22  Extractor  
  35  3:23  Drone  
  35  3:32  Overlord  
  35  3:36  Drone x4  
  35  3:39  Overlord  
  39  3:41  Drone  
  40  3:48  Zergling x2  
  40  3:50  Spine Crawler  
  40  3:53  Zergling x2  
  41  3:56  Drone  
  42  4:26  Hatchery  
  41  4:32  Drone  
  41  4:37  Drone  
  43  4:38  Drone  
  43  4:39  Drone x2  
  43  4:44  Zergling x2  
  47  4:50  Metabolic Boost, Hatchery  
  46  4:56  Drone  
  46  5:09  Baneling Nest  
  46  5:11  Zergling x6  
  46  5:12  Zergling x2  
  49  5:16  Queen  
  49  5:21  Zergling x2  
  48  5:38  Zergling x2  
  49  5:45  Zergling x2  
  49  5:46  Zergling x2, Hatchery  
  49  5:48  Zergling x2  
  49  5:49  Zergling x2  
  52  6:01  Drone  
  52  6:03  Lair, Drone  
  54  6:06  Baneling x2  
  54  6:08  Drone  
  54  6:09  Extractor  
  55  6:11  Drone  
  55  6:14  Drone  
  55  6:19  Drone  
  55  6:23  Baneling x2, Drone  
  55  6:25  Drone x2  
  57  6:33  Drone  
  57  6:38  Drone  
  57  6:39  Extractor  
  58  6:41  Drone  
  58  6:42  Roach Warren  
  58  6:44  Drone  
  59  6:49  Overlord  
  59  6:54  Overlord  
  59  6:57  Overlord  
  59  6:58  Zergling x2  
  59  7:00  Zergling x2  
  61  7:14  Zergling x4  
  60  7:15  Zergling x2  
  60  7:18  Spire, Zergling x2  
  60  7:19  Zergling x2  
  55  7:23  Zergling x2  
  55  7:25  Drone  
  55  7:28  Zergling x2  
  56  7:30  Zergling x2  
  56  7:33  Drone  
  56  7:34  Drone  
  59  7:38  Drone  
  59  7:39  Drone  
  59  7:41  Drone  
  59  7:43  Drone  
  63  7:46  Drone  
  63  7:47  Drone  
  63  7:50  Drone  
  66  7:51  Drone  
  66  7:57  Zergling x6  
  69  7:59  Zergling x2  
  69  8:03  Zergling x2  
  69  8:04  Zergling x2  
  70  8:07  Zergling x2  
  70  8:10  Zergling x6  
Show
View Real Time Build Order
Export as new Build Order

Bly Zerg - Winner!

Build Orders: Pool First 

Get SALT Encoding   

  12  0:17  Spawning Pool  
  11  0:22  Drone  
  11  0:28  Drone  
  13  0:32  Drone  
  14  0:41  Overlord  
  14  1:04  Zergling x2  
  14  1:05  Zergling x4  
  14  1:10  Extractor  
  16  1:15  Zergling x2  
  17  1:22  Hatchery  
  16  1:27  Zergling x2  
  17  1:37  Zergling x2  
  18  1:44  Queen  
  20  2:03  Overlord  
  20  2:11  Drone x2  
  22  2:17  Metabolic Boost  
  22  2:30  Zergling x2  
  23  2:40  Zergling x4  
  25  2:46  Zergling x4  
  22  3:07  Zergling x10  
  27  3:18  Zergling x4  
  29  3:28  Zergling x4  
  29  3:29  Zergling x2  
  32  3:43  Queen  
  32  3:48  Baneling Nest  
  32  4:02  Drone  
  32  4:03  Drone x2  
  32  4:09  Drone x2  
  34  4:11  Drone  
  34  4:15  Drone  
  34  4:24  Drone  
  34  4:30  Overlord x2  
  35  4:50  Hatchery  
  32  4:53  Drone x2  
  32  4:54  Drone x2  
  32  4:56  Drone  
  37  5:01  Drone x2  
  39  5:11  Drone  
  39  5:12  Roach Warren  
  39  5:14  Drone x2  
  39  5:17  Drone  
  39  5:19  Drone  
  40  5:38  Zergling x16  
  47  5:47  Overlord  
  46  5:54  Drone x3  
  46  5:56  Extractor  
  48  6:04  Queen  
  48  6:05  Drone  
  48  6:06  Drone x2  
  53  6:19  Zergling x18  
  62  6:25  Roach x2  
  62  6:31  Roach  
  62  6:35  Overlord x2  
  62  6:45  Overlord  
  62  6:51  Overlord x2  
  62  6:54  Roach  
  62  6:55  Roach x4  
  62  6:58  Extractor  
  71  7:05  Roach x3  
  73  7:20  Roach x7  
  80  7:27  Zergling x8  
  80  7:28  Zergling x2  
  83  7:38  Zergling x6  
  83  7:39  Ravager  
  83  7:40  Ravager x2  
  83  7:41  Overlord  
  89  7:47  Zergling x4  
  89  7:50  Ravager  
  92  7:55  Zergling x10  
  96  8:06  Zergling x10  
  96  8:07  Zergling x2  
  91  8:17  Drone x3  
  89  8:20  Ravager  
  89  8:21  Ravager x2  
  92  8:28  Ravager  
Tags
 
Add a new tag
Caveats
  • Supply blocks, unpowered buildings, or Contaminate may cause inaccurate times.
  • Supply counts are checked every 10 seconds.